 Dungeon Crawl Stone Soup version 0.31-a0-1444-g3ad46bb (webtiles) character file.

Game seed: 2192514265870202838

2 Sundew the Ruffian (level 1, -9/9 HPs)
             Began as a Vine Stalker Shapeshifter on Dec 27, 2023.
             Mangled by a gnoll
             ... wielding a +0 flail
              (11 damage)
             ... on level 1 of the Dungeon.
             The game lasted 00:00:19 (64 turns).

Sundew the Ruffian (Vine Stalker Shapeshifter)        Turns: 64, Time: 00:00:20

Health: -9/9       AC:  2    Str: 16    XL:     1   Next: 30%
Magic:  0/2        EV: 12    Int: 10    God:
Gold:   0          SH:  0    Dex: 13    Spells: 0/0 levels left

rFire   . .          .
                       - Unarmed
rCold   . . .        (no shield)
rNeg    . . .        a - +0 animal skin
rPois   .            (helmet currently unavailable)
rElec   .            (cloak currently unavailable)
rCorr   .            (gloves currently unavailable)
SInv    .            (boots currently unavailable)
Will    .....        (no amulet)
Stlth   +            (no ring)
HPRegen 1.01/turn    (no ring)
MPRegen 0.08/turn

%: guardian spirit
@: beast-form
A: beast (slay +1), fangs 2, regeneration 1, magic shield, antimagic bite, no
potion heal 2
a: Begin Untransformation


You were on level 1 of the Dungeon.
You were a hulking beast.
You visited 1 branch of the dungeon, and saw 1 of its levels.

Inventory:

Armour
 a - a +0 animal skin (worn)
Talismans
 c - a beast talisman
 d - a flux talisman
Potions
 b - a potion of lignification


   Skills:
 - Level 0.8 Fighting
 - Level 1.5 Dodging
 * Level 3.0 Unarmed Combat
 + Level 3.0 Shapeshifting


You couldn't memorise any spells.
You didn't know any spells.
Your spell library was empty.

Dungeon Overview and Level Annotations

Branches:
Dungeon (1/15)

Altars:


Innate Abilities, Weirdness & Mutations

You are a hulking beast.
Your limbs bulge with bestial killing power. (Slay +1)
You have extremely sharp teeth.
Your natural rate of healing is unusually fast.
When hurt, damage is shared between your health and your magic reserves.
Your bite disrupts and absorbs the magic of your enemies.
Potions cannot restore your health.


Message History

Found a robe and 6 poisoned darts.
You see here a +0 robe.
You see here 6 poisoned darts.
A bat comes into view.
Found a thick glowing staff.
A bat is nearby!
The bat misses you.
You barely miss the bat. You bite the bat. You drain its power.
The bat is severely wounded.
The bat hits you but does no damage. The bat hits you.
The bat hits you but does no damage.
You hit the bat.
You kill the bat!
A giant cockroach comes into view.
You see here a bat corpse.
A giant cockroach is nearby!
The giant cockroach closely misses you.
You hit the giant cockroach.
The giant cockroach is almost dead.
The giant cockroach bites you but does no damage.
You hit the giant cockroach.
You kill the giant cockroach!
A gnoll comes into view. It is wielding a +0 flail.
The gnoll moves out of view.
A gnoll is nearby!
A gnoll is nearby!
You start waiting.
A gnoll is nearby!
You hit the gnoll but do no damage. The gnoll hits you with a +0 flail.
You hit the gnoll. You bite the gnoll. You drain its power.
The gnoll is severely wounded.
The gnoll hits you with a +0 flail!
Ouch! That really hurt!
* * * LOW HITPOINT WARNING * * *
You barely miss the gnoll.
The gnoll is severely wounded.
The gnoll hits you with a +0 flail!
Ouch! That really hurt!
You die...

#.......#.#
#####.#.#.# #.##
...#...###..# ##
#######.#..... ..
#([.....# .... .#
#.####### #..##g#
#.....# #..#..
###...# #..#.###
##..#.###|h#...#
#..#......g...#
##..####.......#
#..............###.
#...####.##.........
#.........†...###...
#..#####.##.#.# ...
#.............# ..
#.##.....##.### .


You could see a gnoll.

Vanquished Creatures
  A giant cockroach (D:1)
  A bat (D:1)
2 creatures vanquished.

Notes
Turn   | Place    | Note
-------+----------+-------------------------------------------
     0 | D:1      | Sundew the Vine Stalker Shapeshifter began the quest for
                  | the Orb.
     0 | D:1      | Reached XP level 1. HP: 9/9 MP: 2/2
    64 | D:1      | Mangled by a gnoll

Illustrated notes

Levels and vault maps discovered:
D:1:      onia_arrival_mini_maze, layout_loops_ring, minmay_pentomino_r2

Action                     || total
---------------------------++-------
  Melee: Unarmed           ||     7
         Bite              ||     2
 Armour: Animal skin       ||     7
  Dodge: Dodged            ||     2

Table legend: (Time is in decaauts)
 A = Elapsed time spent in this place.
 B = Non-inter-level travel time spent in this place.
 C = Inter-level travel time spent in this place.
 D = Time resting spent in this place.
 E = Time spent auto-exploring this place.
 F = Levels seen in this place.
 G = Mean time per level.
                   A        B        C        D        E       F      G
               +--------+--------+--------+--------+--------+-----+--------+
         Total |     63 |     63 |      0 |      3 |     42 |   1 |   63.0 |
       Dungeon |     63 |     63 |      0 |      3 |     42 |   1 |   63.0 |
               +--------+--------+--------+--------+--------+-----+--------+

Top non-repeatable levels by time:
     D:1: 63 daAuts
